[Event "DVM U20w 2019"]
[Site "Braunschweig"]
[Date "2019.12.29"]
[Round "5"]
[White "Sereda, Yaroslava"]
[Black "Martin, Anastasia"]
[Result "1-0"]
[ECO "C65"]
[WhiteElo "1726"]
[BlackElo "1235"]
[Annotator "NA"]
[PlyCount "51"]
[EventDate "2019.12.27"]
[EventType "team-tourn"]
[EventRounds "7"]
[EventCountry "GER"]
[SourceTitle "playchess.com"]
[Source "ChessBase"]
[SourceQuality "1"]
[WhiteTeam "SG Solingen"]
[BlackTeam "OSG Baden-Baden"]
[TimeControl "40/5400+30:1800+30"]

1. e4 e5 2. Nf3 Nc6 3. Bb5 Nf6 4. d4 Nxd4 5. Nxd4 c6 6. Bc4 exd4 7. O-O Be7 8. Re1 O-O 9. e5 Nd5 10. Bxd5 cxd5 11. Qxd4 Qa5 12. Nc3 d6 13. Qxd5 Qb6 14. exd6 Bxd6 15. Ne4 Bc7 16. Be3 Qxb2 17. Bd4 Be6 18. Qc5 Bb6 19. Qxf8+ Kxf8 20. Bxb2 Rd8 21. a4 Bd4 22. Rad1 Bb6 23. Rxd8+ Bxd8 24. Nc5 {[%emt 0:00:33] normal} Bc8 {[%emt 0:01:45] normal} 25. Ba3 Be7 {[%emt 0:01:30] normal} 26. Nd7+ {[%emt 0:00:19] normal} 1-0

[Event "DVM U20w 2019"]
[Site "Braunschweig"]
[Date "2019.12.29"]
[Round "5"]
[White "Sokolowski, Judith"]
[Black "Stephan, Lia"]
[Result "1-0"]
[ECO "C45"]
[WhiteElo "1722"]
[BlackElo "1232"]
[Annotator "NA"]
[PlyCount "36"]
[EventDate "2019.12.27"]
[EventType "team-tourn"]
[EventRounds "7"]
[EventCountry "GER"]
[SourceTitle "playchess.com"]
[Source "ChessBase"]
[SourceQuality "1"]
[WhiteTeam "Düsseldorfer SK"]
[BlackTeam "SG Blau-Weiß Stadtilm"]
[TimeControl "40/5400+30:1800+30"]

1. e4 e5 2. Nf3 Nc6 3. d4 exd4 4. Nxd4 Bc5 5. Be3 Qf6 6. Nb5 Bxe3 7. fxe3 Qe5 8. Nd2 Nce7 9. Nc4 Qc5 10. c3 b6 11. b4 Qc6 12. Ne5 Qb7 13. Qg4 g6 14. Qf4 f6 15. Ng4 Kf7 {[%emt 0:02:22] normal} 16. Nxc7 Rb8 17. Bc4+ {[%emt 0:01:06] normal} d5 18. exd5 Bxg4 1-0

[Event "DVM U20w 2019"]
[Site "Braunschweig"]
[Date "2019.12.29"]
[Round "5"]
[White "Oberhofer, Marie"]
[Black "Puls, Luisa"]
[Result "1-0"]
[ECO "B76"]
[WhiteElo "1700"]
[BlackElo "1551"]
[Annotator "NA"]
[PlyCount "44"]
[EventDate "2019.12.27"]
[EventType "team-tourn"]
[EventRounds "7"]
[EventCountry "GER"]
[SourceTitle "playchess.com"]
[Source "ChessBase"]
[SourceQuality "1"]
[WhiteTeam "SC Bavaria Regensburg"]
[BlackTeam "SG Güstrow/Teterow"]
[TimeControl "40/5400+30:1800+30"]

1. e4 c5 2. Nf3 d6 3. d4 cxd4 4. Nxd4 Nf6 5. Nc3 g6 6. Be3 Bg7 7. f3 O-O 8. Qd2 Nc6 9. O-O-O Nxd4 10. Bxd4 Be6 11. Nd5 Bxd5 12. exd5 Qc7 13. h4 h5 14. Bd3 Nxd5 15. Bxg7 Kxg7 16. Bxg6 fxg6 17. Qxd5 Rac8 18. c3 Kh7 19. g4 hxg4 20. h5 Qd7 21. hxg6+ Kg7 {[%emt 0:06:17] normal} 22. Rh7+ Kf6 {[%emt 0:00:57] normal} 1-0

[Event "DVM U20w 2019"]
[Site "Braunschweig"]
[Date "2019.12.29"]
[Round "5"]
[White "Joers, Pia-Milena"]
[Black "Pavlov, Liliane"]
[Result "1/2-1/2"]
[ECO "A48"]
[WhiteElo "1646"]
[BlackElo "1623"]
[Annotator "NA"]
[PlyCount "92"]
[EventDate "2019.12.27"]
[EventType "team-tourn"]
[EventRounds "7"]
[EventCountry "GER"]
[SourceTitle "playchess.com"]
[Source "ChessBase"]
[SourceQuality "1"]
[WhiteTeam "SG Güstrow/Teterow"]
[BlackTeam "SC Bavaria Regensburg"]
[TimeControl "40/5400+30:1800+30"]

1. d4 Nf6 2. Nf3 g6 3. Bf4 Bg7 4. e3 d6 5. Bd3 O-O 6. h3 Nbd7 7. Nbd2 b6 8. c3 Bb7 9. Qc2 Rc8 10. O-O Re8 11. Bh2 a6 12. Rac1 c5 13. Qd1 e5 14. Bc4 e4 15. Ne1 d5 16. Be2 Qe7 17. Nc2 Rf8 18. f3 Bh6 19. f4 Ne8 20. g4 Nd6 21. g5 Bg7 22. Qe1 f6 23. h4 h6 24. Qg3 Nf5 25. Qg4 Kh7 26. Kh1 cxd4 27. exd4 h5 28. Qh3 b5 29. Ne3 Nxe3 30. Qxe3 f5 31. Nb3 Rc7 32. a3 Nb6 33. Nd2 Rfc8 34. Nb3 Bf8 35. Nc5 Na4 36. b4 Nb2 37. Rfe1 Nc4 38. Bxc4 bxc4 39. Ra1 Qe8 40. Reb1 Bxc5 41. bxc5 Bc6 42. Rb6 Bb5 43. Bg1 Rb8 44. a4 Bc6 45. Rxa6 Ra8 46. Rxa8 Qxa8 {[%emt 0:00:00] normal} 1/2-1/2

[Event "DVM U20w 2019"]
[Site "Braunschweig"]
[Date "2019.12.29"]
[Round "5"]
[White "Jacoby, Angelina"]
[Black "Brunner, Sophia"]
[Result "1/2-1/2"]
[ECO "B01"]
[WhiteElo "1635"]
[BlackElo "1852"]
[Annotator "NA"]
[PlyCount "84"]
[EventDate "2019.12.27"]
[EventType "team-tourn"]
[EventRounds "7"]
[EventCountry "GER"]
[SourceTitle "playchess.com"]
[Source "ChessBase"]
[SourceQuality "1"]
[WhiteTeam "Leegebrucher SF"]
[BlackTeam "SK Nordhorn-Blanke"]
[TimeControl "40/5400+30:1800+30"]

1. e4 d5 2. exd5 Qxd5 3. Nc3 Qa5 4. d4 Nf6 5. Nf3 c6 6. Bd2 Qc7 7. Bd3 Bg4 8. h3 Bh5 9. g4 Bg6 10. Qe2 Bxd3 11. Qxd3 e6 12. O-O-O Nbd7 13. Rhe1 O-O-O 14. Bg5 h6 15. Bh4 g5 16. Bg3 Bd6 17. Bxd6 Qxd6 18. Ne4 Nxe4 19. Qxe4 Qd5 20. Qxd5 cxd5 21. Ne5 Nxe5 22. Rxe5 Kd7 23. Rde1 Rde8 24. Kd2 Kd6 25. R5e3 b6 26. Rf3 Ke7 27. Rfe3 Kd6 28. Rf3 Ke7 29. Ra3 Ra8 30. Rae3 Kd6 31. Rf3 Ke7 32. Rfe3 Kd6 33. Re5 Rae8 34. R5e3 f6 35. f3 Rh7 36. R1e2 e5 37. Kd3 Rhe7 38. c3 Re6 39. Re1 R8e7 40. R1e2 Re8 41. Re1 R8e7 42. R1e2 e4+ {normal Kxe4 Ke5+} 1/2-1/2

[Event "DVM U20w 2019"]
[Site "Braunschweig"]
[Date "2019.12.29"]
[Round "5"]
[White "Schmidt, Pauline"]
[Black "Rudolph, Eva"]
[Result "0-1"]
[ECO "B39"]
[WhiteElo "1628"]
[BlackElo "1711"]
[Annotator "NA"]
[PlyCount "38"]
[EventDate "2019.12.27"]
[EventType "team-tourn"]
[EventRounds "7"]
[EventCountry "GER"]
[SourceTitle "playchess.com"]
[Source "ChessBase"]
[SourceQuality "1"]
[WhiteTeam "SG Blau-Weiß Stadtilm"]
[BlackTeam "Düsseldorfer SK"]
[TimeControl "40/5400+30:1800+30"]

1. e4 c5 2. Nf3 g6 3. d4 cxd4 4. Nxd4 Bg7 5. c4 Nc6 6. Be3 Nf6 7. Nc3 Ng4 8. Qxg4 Nxd4 9. Bxd4 Bxd4 10. Rc1 d5 11. Qe2 dxe4 12. Qxe4 Bf5 13. Qe2 O-O 14. g3 Qa5 15. a3 Rfd8 16. Qd2 Rd7 17. Bg2 Bd3 18. Bh3 e6 19. Ne4 Qxd2+ {[%emt 0:03:16] normal} 0-1

[Event "DVM U20w 2019"]
[Site "Braunschweig"]
[Date "2019.12.29"]
[Round "5"]
[White "Visvikis, Kassandra"]
[Black "Berelowitsch, Dana"]
[Result "1/2-1/2"]
[ECO "B35"]
[WhiteElo "1568"]
[BlackElo "1792"]
[Annotator "NA"]
[PlyCount "62"]
[EventDate "2019.12.27"]
[EventType "team-tourn"]
[EventRounds "7"]
[EventCountry "GER"]
[SourceTitle "playchess.com"]
[Source "ChessBase"]
[SourceQuality "1"]
[WhiteTeam "OSG Baden-Baden"]
[BlackTeam "SG Solingen"]
[TimeControl "40/5400+30:1800+30"]

1. e4 c5 2. Nf3 g6 3. d4 cxd4 4. Nxd4 Bg7 5. Be3 Nc6 6. Nc3 Nf6 7. Bc4 O-O 8. Bb3 a5 9. f3 d5 10. exd5 Nb4 11. O-O Nbxd5 12. Nxd5 Nxd5 13. Bf2 a4 14. Bxd5 Qxd5 15. a3 b5 16. c3 Ba6 17. Re1 e5 18. Nc2 Qb3 19. Rb1 Rfd8 20. Qc1 Bb7 21. Nb4 Qc4 22. Qe3 Re8 23. Rbd1 e4 24. Qb6 Rab8 25. Bg3 Bf8 26. Kh1 Bc5 27. Qf6 exf3 28. gxf3 {[%emt 0:00:39] normal} Qg4 29. Nc6 Bxc6 30. Qxc6 {[%emt 0:00:31] normal} Rxe1+ 31. Rxe1 Qc8 {[%emt 0:01:21] normal} 1/2-1/2

[Event "DVM U20w 2019"]
[Site "Braunschweig"]
[Date "2019.12.29"]
[Round "5"]
[White "Hallfarth, Luise"]
[Black "Sauer, Annika"]
[Result "0-1"]
[ECO "B01"]
[WhiteElo "1517"]
[BlackElo "1569"]
[Annotator "NA"]
[PlyCount "70"]
[EventDate "2019.12.27"]
[EventType "team-tourn"]
[EventRounds "7"]
[EventCountry "GER"]
[SourceTitle "playchess.com"]
[Source "ChessBase"]
[SourceQuality "1"]
[WhiteTeam "SK Nordhorn-Blanke"]
[BlackTeam "Leegebrucher SF"]
[TimeControl "40/5400+30:1800+30"]

1. e4 d5 2. exd5 Qxd5 3. Nc3 Qa5 4. d4 c6 5. Nf3 Nf6 6. Bf4 Bg4 7. Be2 e6 8. a3 Nd5 9. Bd2 Nxc3 10. Bxc3 Qc7 11. O-O Bd6 12. h3 Bf5 13. Bd3 Bxd3 14. Qxd3 Nd7 15. Rfe1 O-O-O 16. b4 Rde8 17. b5 cxb5 18. Bd2 Qc4 19. Qb3 f6 20. a4 Qxb3 21. cxb3 b4 22. a5 e5 23. a6 exd4 24. Rec1+ Kb8 25. Nxd4 Be5 26. Be3 Nb6 27. axb7 Kxb7 28. Ra2 Rc8 29. Rca1 Ra8 30. f4 Bxd4 31. Bxd4 Rhd8 32. Bc5 Rd3 33. Rb2 Nd5 34. Ra4 a5 {[%emt 0:00:41] normal} 35. Rba2 Nc3 {[%emt 0:00:16] normal} 0-1

[Event "DVM U20w 2019"]
[Site "Braunschweig"]
[Date "2019.12.29"]
[Round "5"]
[White "Peglau, Dora"]
[Black "Caliebe, Nanke"]
[Result "1-0"]
[ECO "D02"]
[WhiteElo "1502"]
[BlackElo "1538"]
[Annotator "NA"]
[PlyCount "109"]
[EventDate "2019.12.27"]
[EventType "team-tourn"]
[EventRounds "7"]
[EventCountry "GER"]
[SourceTitle "playchess.com"]
[Source "ChessBase"]
[SourceQuality "1"]
[WhiteTeam "Schachzentrum Seeblick"]
[BlackTeam "TuRa Harksheide Norderstedt"]
[TimeControl "40/5400+30:1800+30"]

1. d4 d5 2. Nf3 e6 3. Bf4 Nf6 4. e3 c6 5. c4 Be7 6. Nc3 O-O 7. Bd3 Nbd7 8. O-O Re8 9. a3 a5 10. c5 b5 11. Qc2 Nf8 12. Ne5 Bb7 13. Nxb5 cxb5 14. Bxb5 Ba6 15. Bxe8 Qxe8 16. Rfc1 N8d7 17. b4 Nxe5 18. Bxe5 Bc4 19. Rcb1 axb4 20. axb4 Nd7 21. Bg3 Qc8 22. Rxa8 Qxa8 23. b5 Qa3 24. Qb2 Qa5 25. b6 Ba6 26. Ra1 Qb5 27. Qxb5 Bxb5 28. b7 Bc6 29. Ra8+ Bf8 30. Rxf8+ Kxf8 31. b8=Q+ Nxb8 32. Bxb8 Bb5 33. f3 Ke8 34. Kf2 Kd7 35. e4 f6 36. Ke3 Kc6 37. e5 fxe5 38. Bxe5 g6 39. Kf4 Bd3 40. Kg5 h5 41. g4 hxg4 42. fxg4 Kd7 43. h4 Ke8 44. Kf6 Kd7 45. h5 gxh5 46. gxh5 Ke8 47. Kxe6 Be2 48. h6 Bd3 49. Kxd5 Kd7 50. c6+ Ke7 51. Bd6+ Kd8 52. Ke6 Be4 53. c7+ Kc8 54. Be5 Bd3 55. d5 {[%emt 0:00:12] normal} 1-0

[Event "DVM U20w 2019"]
[Site "Braunschweig"]
[Date "2019.12.29"]
[Round "5"]
[White "de Veer, Mara"]
[Black "Möller, Hannah"]
[Result "0-1"]
[ECO "A49"]
[WhiteElo "1447"]
[BlackElo "1832"]
[Annotator "NA"]
[PlyCount "104"]
[EventDate "2019.12.27"]
[EventType "team-tourn"]
[EventRounds "7"]
[EventCountry "GER"]
[SourceTitle "playchess.com"]
[Source "ChessBase"]
[SourceQuality "1"]
[WhiteTeam "SC Borussia Lichtenberg"]
[BlackTeam "SV Lingen"]
[TimeControl "40/5400+30:1800+30"]

1. d4 Nf6 2. Nf3 g6 3. g3 Bg7 4. Bg2 d6 5. b3 c6 {[%emt 0:00:32] unterminated} 6. Bb2 O-O 7. O-O Bf5 8. Qc1 Qc8 9. Re1 h6 10. Nbd2 Bh3 11. c4 Bxg2 12. Kxg2 Nbd7 {[%emt 0:00:04] unterminated} 13. Qc2 Nh7 $14 14. Rac1 e5 15. dxe5 Nxe5 16. Nxe5 dxe5 17. e4 Ng5 18. h4 Qh3+ 19. Kg1 Nh7 20. Qd1 Nf6 21. Qf3 Nh5 22. Qg2 Qg4 23. Nf3 Qe6 24. Rcd1 Rad8 25. Kh2 Rfe8 26. Qh3 Qe7 27. Kg2 Qc7 28. Qh1 Qa5 29. a3 Bf6 30. b4 Qc7 31. c5 Ng7 32. Qf1 Ne6 33. Re2 b6 34. cxb6 axb6 35. Rc2 Nd4 36. Rc4 Nxf3 37. Kxf3 Bg7 38. Kg2 Qb7 39. Kh2 Rd7 40. Rdc1 Rc8 41. Qe2 Rcd8 42. R1c2 Rd6 43. Qe3 R8d7 44. Qe2 h5 45. Qe3 f6 46. Bc1 Bf8 47. Qb3 Kh7 48. Qb2 Qa8 49. R2c3 b5 50. Rc5 Re6 51. Qb3 Red6 52. Rc2 Rc7 {[%emt 0:00:00] normal} 0-1

[Event "DVM U20w 2019"]
[Site "Braunschweig"]
[Date "2019.12.29"]
[Round "5"]
[White "Kung, Fanny"]
[Black "Meijerink, Inken"]
[Result "0-1"]
[ECO "B20"]
[WhiteElo "1426"]
[BlackElo "1743"]
[Annotator "NA"]
[PlyCount "70"]
[EventDate "2019.12.27"]
[EventType "team-tourn"]
[EventRounds "7"]
[EventCountry "GER"]
[SourceTitle "playchess.com"]
[Source "ChessBase"]
[SourceQuality "1"]
[WhiteTeam "Leegebrucher SF"]
[BlackTeam "SK Nordhorn-Blanke"]
[TimeControl "40/5400+30:1800+30"]

1. e4 c5 2. b3 Nc6 3. Bb2 d6 4. Nf3 Nf6 5. Nc3 g6 6. Bc4 Bg7 7. Rb1 O-O 8. O-O Bg4 9. h3 Bd7 10. Re1 a6 11. a4 Qc7 12. d4 cxd4 13. Nxd4 Ne5 14. Bd3 Rac8 15. Kh1 Nc6 16. Nf3 h6 17. Nd5 Nxd5 18. Bxg7 Kxg7 19. exd5 Nb4 20. c4 e5 21. Qd2 a5 22. Nh2 f5 23. Bf1 Rce8 24. f3 Rf7 25. g4 Ref8 26. Bg2 b6 27. Qe2 Qd8 28. Nf1 Qh4 29. Ne3 fxg4 30. Nxg4 Bxg4 31. fxg4 Rf2 32. Qd1 Rxg2 33. Kxg2 Rf2+ 34. Kg1 Qg3+ 35. Kh1 Qh2# {[%emt 0:00:06] normal} 0-1

[Event "DVM U20w 2019"]
[Site "Braunschweig"]
[Date "2019.12.29"]
[Round "5"]
[White "Adelhardt, Lisa"]
[Black "Kiesel, Lara"]
[Result "0-1"]
[ECO "C02"]
[WhiteElo "1418"]
[BlackElo "1732"]
[Annotator "NA"]
[PlyCount "51"]
[EventDate "2019.12.27"]
[EventType "team-tourn"]
[EventRounds "7"]
[EventCountry "GER"]
[SourceTitle "playchess.com"]
[Source "ChessBase"]
[SourceQuality "1"]
[WhiteTeam "SC Erlangen 48/88"]
[BlackTeam "SK Lehrte 1919"]
[TimeControl "40/5400+30:1800+30"]

1. e4 e6 2. d4 d5 3. e5 c5 4. c3 Nc6 5. Nf3 Qb6 6. Be2 f6 7. O-O fxe5 8. dxe5 g6 9. Re1 Bg7 10. Bd3 Nge7 11. Nbd2 O-O 12. Bc2 Qc7 13. Qe2 Bd7 14. Nb3 b6 15. a4 Nf5 16. a5 Rae8 17. axb6 axb6 18. Kh1 Nh6 19. h3 Nf5 20. Ra6 c4 21. Na1 Na5 22. Be3 Nxe3 23. Qxe3 Rb8 24. b4 Bc8 25. bxa5 Bxa6 {[%emt 0:00:22] normal} 26. Nd4 {[%emt 0:00:35] normal} 0-1

[Event "DVM U20w 2019"]
[Site "Braunschweig"]
[Date "2019.12.29"]
[Round "5"]
[White "Margaryan, Venera"]
[Black "Krause, Ricarda Sophie"]
[Result "0-1"]
[ECO "D40"]
[WhiteElo "1383"]
[BlackElo "1491"]
[Annotator "NA"]
[PlyCount "53"]
[EventDate "2019.12.27"]
[EventType "team-tourn"]
[EventRounds "7"]
[EventCountry "GER"]
[SourceTitle "playchess.com"]
[Source "ChessBase"]
[SourceQuality "1"]
[WhiteTeam "SK Lehrte 1919"]
[BlackTeam "SC Erlangen 48/88"]
[WhiteTeamCountry "GER"]
[TimeControl "40/5400+30:1800+30"]

1. d4 d5 2. c4 e6 3. Nc3 c5 4. Nf3 Nf6 5. Bg5 cxd4 6. Nxd4 Be7 7. cxd5 Nxd5 8. Bxe7 Qxe7 9. Nxd5 exd5 10. Rc1 Qb4+ 11. Qd2 Qxd2+ 12. Kxd2 O-O 13. Nb5 Na6 14. g3 Bd7 15. Nd6 Bc6 16. Bg2 Rfd8 17. Nf5 Bd7 18. Ne3 Be6 19. a3 Rab8 20. Rhd1 d4 21. Nc2 Nc5 22. Ke1 Nb3 23. Rb1 Bf5 24. e4 dxe3 25. Rxd8+ Rxd8 26. Rd1 exf2+ 27. Ke2 {normal} 0-1

[Event "DVM U20w 2019"]
[Site "Braunschweig"]
[Date "2019.12.29"]
[Round "5"]
[White "Strobel, Miriam"]
[Black "Thiele, Lea-Marie"]
[Result "1-0"]
[ECO "C02"]
[WhiteElo "1299"]
[BlackElo "1061"]
[Annotator "NA"]
[PlyCount "76"]
[EventDate "2019.12.27"]
[EventType "team-tourn"]
[EventRounds "7"]
[EventCountry "GER"]
[SourceTitle "playchess.com"]
[Source "ChessBase"]
[SourceQuality "1"]
[WhiteTeam "SC Erlangen 48/88"]
[BlackTeam "SK Lehrte 1919"]
[TimeControl "40/5400+30:1800+30"]

1. e4 e6 2. d4 d5 3. e5 c5 4. c3 Nc6 5. Nf3 Qb6 6. Be2 cxd4 7. cxd4 Nh6 8. Nc3 Nf5 9. Be3 Qxb2 10. Rc1 Bb4 11. Rc2 Bxc3+ 12. Bd2 Bxd2+ 13. Qxd2 Qb4 14. Rc3 Nfxd4 15. a3 Nxf3+ 16. Bxf3 Qb6 17. Qg5 Qd4 18. Re3 Bd7 19. O-O h6 20. Qxg7 O-O-O 21. Rc1 Rdg8 22. Qxf7 Kb8 23. Qxd7 Rc8 24. Qd6+ Ka8 25. Qxe6 Ne7 26. Ree1 Qd2 27. Rb1 Rc2 28. Rf1 Re8 29. Qd7 Rb8 30. Qxe7 Qa5 31. e6 Rc7 32. Qf6 Rh7 33. Rfe1 Re8 34. Bh5 Qxa3 35. Bxe8 Re7 36. Bd7 a6 37. Qf8+ Ka7 38. Qd8 Qd6 {normal} 1-0

[Event "DVM U20w 2019"]
[Site "Braunschweig"]
[Date "2019.12.29"]
[Round "5"]
[White "Wilhelm, Anna-Lena"]
[Black "Cerkez, Lorena"]
[Result "1/2-1/2"]
[ECO "B09"]
[WhiteElo "1291"]
[BlackElo "1000"]
[Annotator "NA"]
[PlyCount "22"]
[EventDate "2019.12.27"]
[EventType "team-tourn"]
[EventRounds "7"]
[EventCountry "GER"]
[SourceTitle "playchess.com"]
[Source "ChessBase"]
[SourceQuality "1"]
[WhiteTeam "SG Blau-Weiß Stadtilm"]
[BlackTeam "Düsseldorfer SK"]
[TimeControl "40/5400+30:1800+30"]

1. d4 Nf6 2. Nc3 g6 3. e4 d6 4. f4 Bg7 5. Nf3 O-O 6. Be2 c6 7. Be3 Qc7 8. e5 dxe5 9. fxe5 Nfd7 10. Qd2 e6 11. O-O-O b5 {[%emt 0:00:46] normal} 1/2-1/2

[Event "DVM U20w 2019"]
[Site "Braunschweig"]
[Date "2019.12.29"]
[Round "5"]
[White "Stelter, Finja"]
[Black "Strobel, Joanna"]
[Result "0-1"]
[ECO "C50"]
[WhiteElo "1054"]
[BlackElo "1140"]
[Annotator "NA"]
[PlyCount "138"]
[EventDate "2019.12.27"]
[EventType "team-tourn"]
[EventRounds "7"]
[EventCountry "GER"]
[SourceTitle "playchess.com"]
[Source "ChessBase"]
[SourceQuality "1"]
[WhiteTeam "SK Lehrte 1919"]
[BlackTeam "SC Erlangen 48/88"]
[TimeControl "40/5400+30:1800+30"]

1. e4 e5 2. Nf3 Nc6 3. Bc4 Bc5 4. d3 h6 5. Nc3 d6 6. h3 Be6 7. Bb3 Nf6 8. Be3 Bb6 9. Qd2 Qd7 10. a3 O-O-O 11. Ba2 Bxa2 12. Nxa2 d5 13. Bxb6 cxb6 14. Nc3 d4 15. Ne2 g5 16. Rc1 Kb8 17. h4 Qg4 18. Rh2 gxh4 19. Nxh4 Qe6 20. Nf5 Ng4 21. Rh4 h5 22. Neg3 Qg6 23. c3 dxc3 24. Rxc3 Nd4 25. Nxd4 exd4 26. Rc2 Qf6 27. Rh1 h4 28. Nf5 Rde8 29. Qf4+ Ne5 30. Rxh4 Rxh4 31. Qxh4 Nxd3+ 32. Ke2 Qxh4 33. Nxh4 Nc5 34. Kf3 Nxe4 35. Nf5 d3 36. Rc1 Nd2+ 37. Kf4 Nb3 38. Rd1 d2 39. Ne3 Rc8 40. Kf3 Rd8 41. Ke2 Nc1+ 42. Kf1 Kc7 43. Nc4 Nb3 44. Ke2 Nc1+ 45. Ke3 Rd3+ 46. Ke4 f5+ 47. Kxf5 Nb3 48. g4 Rd5+ 49. Ke6 Rd4 50. Ne3 Kc6 51. g5 Rf4 52. g6 Nc5+ 53. Ke7 Re4+ 54. Kf7 Rf4+ 55. Kg8 Ne6 56. g7 Rxf2 57. Nf1 Rg2 58. Rxd2 Rxg7+ 59. Kh8 Rd7 60. Rc2+ Kb5 61. b3 Nd4 62. Rc3 a5 63. Ne3 Ne2 64. Rc2 Nf4 65. Rc4 Rd3 66. Rxf4 Rxe3 67. a4+ Ka6 68. Rf8 b5 69. Rf6+ b6 {[%emt 0:00:00] normal} 0-1

[Event "DVM U20w 2019"]
[Site "Braunschweig"]
[Date "2019.12.29"]
[Round "5"]
[White "Danilova, Sofia"]
[Black "Kessen, Fanny"]
[Result "0-1"]
[ECO "A06"]
[WhiteElo "980"]
[BlackElo "1265"]
[Annotator "NA"]
[PlyCount "92"]
[EventDate "2019.12.27"]
[EventType "team-tourn"]
[EventRounds "7"]
[EventCountry "GER"]
[SourceTitle "playchess.com"]
[Source "ChessBase"]
[SourceQuality "1"]
[WhiteTeam "SV Lingen"]
[BlackTeam "SC Borussia Lichtenberg"]
[TimeControl "40/5400+30:1800+30"]

1. Nf3 d5 2. g3 c6 3. c4 dxc4 4. Nc3 g6 5. Bg2 Bg7 6. d4 cxd3 7. exd3 Nf6 8. O-O O-O 9. Rb1 Bg4 10. Qd2 Qc8 11. Re1 Re8 12. Ne5 Bh3 13. Bf3 Nbd7 14. d4 Nxe5 15. dxe5 Ng4 16. e6 fxe6 17. Qd1 e5 18. Ne4 h6 19. Qb3+ Kh8 20. Qf7 Rf8 21. Qb3 Qf5 22. Bxg4 Qxg4 23. Re3 Rad8 24. Bd2 Qf5 25. Rd1 Rd4 26. Be1 Rxe4 27. Rxe4 Qxe4 28. f3 Qe2 29. Bf2 e4 30. Re1 Qd2 31. Qe3 Qxe3 32. Rxe3 exf3 33. Rxe7 Rd8 34. Re1 Bxb2 35. Bxa7 Bd4+ 36. Bxd4+ Rxd4 37. Re8+ Kg7 38. Re7+ Kf6 39. Rxb7 Rd2 40. Rb1 f2+ 41. Kh1 f1=Q+ 42. Rxf1+ Bxf1 43. a4 c5 44. a5 Bb5 45. a6 Bxa6 46. h4 c4 {[%emt 0:00:15] normal} 0-1

[Event "DVM U20w 2019"]
[Site "Braunschweig"]
[Date "2019.12.29"]
[Round "6"]
[White "Moenster, Madita"]
[Black "Bashylina, Luisa"]
[Result "0-1"]
[ECO "B28"]
[WhiteElo "1956"]
[BlackElo "1935"]
[Annotator "NA"]
[PlyCount "46"]
[EventDate "2019.12.27"]
[EventType "team-tourn"]
[EventRounds "7"]
[EventCountry "GER"]
[SourceTitle "playchess.com"]
[Source "ChessBase"]
[SourceQuality "1"]
[WhiteTeam "SV Lingen"]
[BlackTeam "SG Solingen"]
[TimeControl "40/5400+30:1800+30"]

1. e4 c5 2. Nf3 a6 3. c4 Nc6 4. d4 cxd4 5. Nxd4 e5 6. Nc2 Nf6 7. Nc3 d6 8. Be2 Be7 9. O-O h6 10. Ne3 Be6 11. Bd3 O-O 12. Ncd5 Bxd5 13. cxd5 Nd4 14. Bd2 Nd7 15. Bc3 g6 16. Kh1 Bf6 17. Nc4 b5 18. Nd2 Nc5 19. Nf3 Nxf3 20. Qxf3 Rc8 21. Qe2 Kh7 22. Bc2 Qb6 23. Qe1 Nb7 {normal} 0-1

[Event "DVM U20w 2019"]
[Site "Braunschweig"]
[Date "2019.12.29"]
[Round "6"]
[White "Möller, Lisa-Marie"]
[Black "Köhler, Inken"]
[Result "1/2-1/2"]
[ECO "B07"]
[WhiteElo "1934"]
[BlackElo "1998"]
[Annotator "NA"]
[PlyCount "57"]
[EventDate "2019.12.27"]
[EventType "team-tourn"]
[EventRounds "7"]
[EventCountry "GER"]
[SourceTitle "playchess.com"]
[Source "ChessBase"]
[SourceQuality "1"]
[WhiteTeam "Düsseldorfer SK"]
[BlackTeam "TuRa Harksheide Norderstedt"]
[TimeControl "40/5400+30:1800+30"]

1. e4 d6 2. d4 Nf6 3. Nc3 Nbd7 4. Be3 e5 5. f3 Be7 6. Nge2 O-O 7. Qd2 c6 8. g4 b5 9. Ng3 exd4 10. Bxd4 Ne5 11. Qf2 b4 12. Nb1 c5 13. Bxe5 dxe5 14. Nd2 Be6 15. Bc4 Qd7 16. O-O-O Bxc4 17. Nxc4 Qe6 18. Qe2 Rfd8 19. Kb1 Ne8 20. Nf5 Nc7 21. Nce3 Bg5 22. h4 Bxe3 23. Qxe3 g6 24. Rxd8+ Rxd8 25. Qh6 Ne8 26. h5 Rd7 27. hxg6 fxg6 28. Ne3 Qf7 29. Qh3 {normal} 1/2-1/2

[Event "DVM U20w 2019"]
[Site "Braunschweig"]
[Date "2019.12.29"]
[Round "6"]
[White "Peglau, Mirjam"]
[Black "Ziegenfuss, Antonia"]
[Result "0-1"]
[ECO "A31"]
[WhiteElo "1916"]
[BlackElo "2052"]
[Annotator "NA"]
[PlyCount "50"]
[EventDate "2019.12.27"]
[EventType "team-tourn"]
[EventRounds "7"]
[EventCountry "GER"]
[SourceTitle "playchess.com"]
[Source "ChessBase"]
[SourceQuality "1"]
[WhiteTeam "Schachzentrum Seeblick"]
[BlackTeam "OSG Baden-Baden"]
[TimeControl "40/5400+30:1800+30"]

1. c4 c5 2. Nf3 Nf6 3. d4 cxd4 4. Nxd4 Nc6 5. Nc3 d6 6. e4 g6 7. Be2 Bg7 8. Be3 O-O 9. O-O Nd7 10. Rc1 Nc5 11. Qd2 Ne6 12. Nc2 b6 13. b3 Bb7 14. Nd5 Nc5 15. f3 e6 16. Nc3 Be5 17. Rfd1 Qh4 18. g3 Bxg3 19. hxg3 Qxg3+ 20. Kf1 Qh3+ 21. Kf2 Qh2+ 22. Ke1 Ne5 23. Nd4 Qh1+ 24. Kf2 Qh2+ 25. Ke1 Bxe4 {[%emt 0:06:07] normal} 0-1

[Event "DVM U20w 2019"]
[Site "Braunschweig"]
[Date "2019.12.29"]
[Round "6"]
[White "Muedder, Melanie"]
[Black "Miljkovic, Jovana"]
[Result "1/2-1/2"]
[ECO "B90"]
[WhiteElo "1902"]
[BlackElo "2021"]
[Annotator "NA"]
[PlyCount "45"]
[EventDate "2019.12.27"]
[EventType "team-tourn"]
[EventRounds "7"]
[EventCountry "GER"]
[SourceTitle "playchess.com"]
[Source "ChessBase"]
[SourceQuality "1"]
[WhiteTeam "SG Solingen"]
[BlackTeam "SV Lingen"]
[TimeControl "40/5400+30:1800+30"]

1. e4 c5 2. Nf3 d6 3. d4 cxd4 4. Nxd4 Nf6 5. Nc3 a6 6. Nb3 e6 7. g4 Be7 8. g5 Nfd7 9. f4 Nc6 10. Bg2 b5 11. a3 Qc7 12. O-O Rb8 13. Qh5 b4 14. axb4 Nxb4 15. Nd4 g6 16. Qf3 e5 17. Nde2 exf4 18. Bxf4 O-O 19. Ra4 Ne5 20. Qg3 Be6 21. Nd4 Bc4 22. Rd1 Nbc6 23. b3 {[%emt 0:08:42] normal} 1/2-1/2